 Dungeon Crawl Stone Soup version 0.27.1 (webtiles) character file.

Game seed: 10113597479251999354

236 Malachi the Poker (level 5, -5/41 HPs)
             Began as a Demonspawn Monk on Aug 25, 2021.
             Slain by Grinder (6 damage)
             ... on level 3 of the Dungeon.
             The game lasted 00:02:55 (2490 turns).

Malachi the Poker (Demonspawn Monk)                 Turns: 2490, Time: 00:02:55

Health: -5/41      AC:  2    Str: 12    XL:     5   Next: 77%
Magic:  5/5        EV: 13    Int: 23    God:
Gold:   98         SH:  0    Dex: 16    Spells: 4/4 levels left

rFire    . . .     SeeInvis .   a - +0 spear
rCold    . . .     Faith    .   (no shield)
rNeg     . . .     Spirit   .   b - +0 robe
rPois    .         Reflect  .   (no helmet)
rElec    .         Harm     .   (no cloak)
rCorr    .         Rampage  .   (no gloves)
Will     .....                  (no boots)
Stlth    ++........             (no amulet)
HPRegen  0.13/turn              d - +6 ring of intelligence
MPRegen  0.09/turn              e - +6 ring of intelligence

@: attractive
A: hooves 1, foul stench 3
a: no special abilities


You were on level 3 of the Dungeon.
You visited 1 branch of the dungeon, and saw 3 of its levels.

You collected 98 gold pieces.

Inventory:

Hand Weapons
 a - a +0 spear (weapon)
Armour
 b - a +0 robe (worn)
Jewellery
 d - a +6 ring of intelligence (left hand)
 e - a +6 ring of intelligence (right hand)
Scrolls
 h - a scroll of enchant weapon {unknown}
Potions
 f - a potion of attraction


   Skills:
 + Level 3.6 Fighting
 + Level 4.6 Polearms
 + Level 3.2 Dodging
 + Level 3.1 Stealth
 + Level 0.3 Evocations


You had 4 spell levels left.
You didn't know any spells.
Your spell library was empty.

Dungeon Overview and Level Annotations

Branches:
Dungeon (3/15)

Altars:

Shops:
D:2 *

Annotations:
D:2 Sigmund
D:3 Grinder


Innate Abilities, Weirdness & Mutations

You have large cloven feet.
You frequently emit foul miasma when damaged in melee.


Message History

You resist with significant effort.
Grinder blinks!
Grinder blinks!
Found a leather armour.
You open the door.
There is an open door here.
You close the door.
Found a leather armour.
Found a stone staircase leading down.
Grinder opens the door.
Aiming: Corrosive Bolt
Press: ? - help, Shift-Dir - straight line, f/p - Grinder
Aim: Grinder (moderately wounded, 68% to hit)
The bolt of acid hits Grinder!
Grinder is splashed with acid.
Grinder is severely wounded.
The now-empty wand crumbles to dust.
Grinder says, "Tell me all your secrets, or I'll kill you."
You hit Grinder but do no damage. You kick Grinder, but do no damage.
Grinder is severely wounded.
Grinder hits you.
You writhe in agony.
You emit a cloud of foul miasma!
You are too injured to fight recklessly!
You are too injured to fight recklessly!
You are too injured to fight recklessly!
You are too injured to fight recklessly!
Unknown command.
You closely miss Grinder.
Grinder is heavily wounded.
Grinder hits you!
* * * LOW HITPOINT WARNING * * *
You writhe in agony.
* * * LOW HITPOINT WARNING * * *
You barely miss Grinder.
Grinder is heavily wounded.
Grinder barely misses you.
Unknown command.
It was a potion of attraction.
You feel attractive to monsters. Grinder hits you.
* * * LOW HITPOINT WARNING * * *
You writhe in agony.
You die...

.........# .|....#
##
.........#########..
.# ..............#
#+#.###
..............#
.......
...ยง..........#
.[.....
..######......#
....... ..
#......####.......
#......'..#...>...
#......#5@........
........#..........
.###.....#..........
#.....#..#.......
#.[...#..#.......
#........#.......
########.########
#.#


You could see Grinder.

Vanquished Creatures
  2 ogres (D:3)
  2 adders
  2 worms
  2 ball pythons
  4 endoplasms
  3 giant cockroaches (D:1)
  A goblin (D:1)
  7 hobgoblins
  4 jackals (D:2)
  6 bats
  2 frilled lizards
  4 kobolds
  5 rats
44 creatures vanquished.

Notes
Turn   | Place    | Note
-------+----------+-------------------------------------------
     0 | D:1      | Malachi the Demonspawn Monk began the quest for the Orb.
     0 | D:1      | Reached XP level 1. HP: 18/18 MP: 1/1
   317 | D:1      | Gained mutation: You may rarely emit foul miasma when
                  | damaged in melee. [demonic ancestry]
   317 | D:1      | Reached XP level 2. HP: 21/24 MP: 2/2
   485 | D:1      | Found a faded altar of an unknown god.
   570 | D:1      | Reached skill level 3 in Polearms
   971 | D:2      | Gained mutation: You sometimes emit foul miasma when
                  | damaged in melee. [demonic ancestry]
   971 | D:2      | Reached XP level 3. HP: 8/29 MP: 3/3
  1571 | D:2      | Found Coeho's Assorted Antiques.
  1833 | D:2      | Noticed Sigmund
  2228 | D:3      | Noticed an ogre
  2232 | D:3      | Killed an ogre
  2233 | D:3      | Reached skill level 4 in Polearms
  2233 | D:3      | Gained mutation: You have large cloven feet. [demonic
                  | ancestry]
  2233 | D:3      | Reached XP level 4. HP: 35/35 MP: 4/4
  2355 | D:3      | Gained mutation: You frequently emit foul miasma when
                  | damaged in melee. [demonic ancestry]
  2355 | D:3      | Reached XP level 5. HP: 41/41 MP: 5/5
  2430 | D:3      | Noticed an ogre
  2435 | D:3      | Noticed Grinder
  2437 | D:3      | Killed an ogre
  2437 | D:3      | Paralysed by Grinder for 5 turns
  2460 | D:3      | Paralysed by Grinder for 5 turns
  2490 | D:3      | HP: 1/41 [Grinder (2)]
  2490 | D:3      | Slain by Grinder

Illustrated notes

Levels and vault maps discovered:
D:1:      lightli_arrival_flooded_house, layout_loops_ring,
          dilly_ecumenical_altar_fadedgnrine
D:2:      layout_rooms, serial_shops, shop, uniq_sigmund
D:3:      layout_basic, uniq_grinder

Skill      XL: |  1  2  3  4  5 |
---------------+----------------+-----
Polearms       | 3 4 |  4.6
Stealth        | 2 3 |  3.1
Dodging        | 3 |  3.2
Fighting       | |  3.6
Evocations     | |  0.3

Action                   |  1- 3 |  4- 6 || total
-------------------------+-------+-------++-------
Melee: Spear             |   132 |    36 ||   168
       Kick              |       |     6 ||     6
Evoke: Wand              |     2 |     3 ||     5
  Use: Scroll            |     1 |       ||     1
       Potion            |       |     2 ||     2
 Stab: Sleeping          |     8 |     2 ||    10
Armor: Robe              |    19 |     7 ||    26
Dodge: Dodged            |    54 |    21 ||    75
